 Dungeon Crawl Stone Soup version 0.24.0-123-gd5b16e6ec5 (webtiles) character file.

Game seed: 17935953109453326786, levelgen mode: deterministic

6341 FishyPogo the Lord of Darkness (level 10, -7/74 HPs)
             Began as a Demonspawn Fire Elementalist on Dec 29, 2019.
             Was the Champion of Kikubaaqudgha.
             Mangled by a hornet (11 damage)
             ... while paralysed by a hornet
             ... on level 9 of the Dungeon.
             The game lasted 01:03:30 (10031 turns).

FishyPogo the Lord of Darkness (DsFE)              Turns: 10031, Time: 01:03:31

Health: -7/74      AC: 10    Str:  8    XL:     10   Next: 64%
Magic:  0/20       EV:  2    Int: 19    God:    Kikubaaqudgha [******]
Gold:   536        SH:  0    Dex: 19    Spells: 2/22 levels left

rFire    + + .     SeeInvis .   a - +6 dagger
rCold    x . .     Gourm    .   o - +0 buckler
rNeg     . . .     Faith    +   R - +2 leather armour {rF+}
rPois    .         Spirit   +   s - +0 helmet
rElec    .         Reflect  .   r - +0 cloak
rCorr    .         Harm     .   (no gloves)
MR       .....                  Q - +0 pair of boots
Stlth    ++........             b - amulet of faith {FAITH !}
HPRegen  0.22/turn              y - +4 ring of dexterity
MPRegen  0.34/turn              G - ring of fire

@: paralysed, lethally poisoned (-7 -> -19), slowed
A: talons 2, rugged brown scales 1, magic shield, magic regeneration
a: Receive Corpses, Torment, Renounce Religion


You were on level 9 of the Dungeon.
You worshipped Kikubaaqudgha.
Kikubaaqudgha was exalted by your worship.
You were not hungry.

You visited 1 branch of the dungeon, and saw 9 of its levels.
You also visited: Sewer and Ossuary.

You collected 536 gold pieces.

Inventory:

Hand Weapons
 a - a +6 dagger (weapon)
Missiles
 g - 17 boomerangs
 i - 277 stones (quivered)
 x - 12 boomerangs of dispersal
 I - 34 poisoned darts
Armour
 o - a +0 buckler (worn)
 r - a +0 cloak (worn)
 s - a +0 helmet (worn)
 Q - a +0 pair of boots (worn)
 R - a +2 leather armour of fire resistance (worn)
Jewellery
 b - an amulet of faith (around neck) {FAITH !}
 q - an uncursed ring of stealth
 y - a +4 ring of dexterity (left hand)
 D - an uncursed ring of flight
 G - a ring of fire (right hand)
 K - an uncursed ring of positive energy
Wands
 B - a wand of flame (30)
 H - a wand of polymorph (5)
 M - a wand of disintegration (15)
 S - a wand of acid (3)
Scrolls
 d - 3 scrolls of blinking {unknown}
 f - a scroll of acquirement {unknown}
 h - 5 scrolls of teleportation
 j - 4 scrolls of enchant armour {unknown}
 k - a scroll of amnesia {unknown}
 l - 16 scrolls of identify
 p - a scroll of fog {unknown}
 t - 5 scrolls of remove curse
 C - a scroll of noise {unknown}
 E - a scroll of immolation
 J - 2 scrolls of vulnerability {unknown}
 L - 2 scrolls of random uselessness {unknown}
 P - 3 scrolls of magic mapping
 T - a scroll of brand weapon {unknown}
Potions
 e - 4 potions of brilliance
 m - 3 potions of curing
 n - 3 potions of might
 u - a potion of cancellation
 v - a potion of mutation {unknown}
 w - 3 potions of agility {unknown}
 A - a potion of resistance
 F - 2 potions of flight
 N - a potion of haste
 U - 2 potions of berserk rage {unknown}
Comestibles
 c - 19 rations


   Skills:
 + Level 4.2 Fighting
 * Level 3.7 Armour
 - Level 2.0 Dodging
 - Level 3.0 Stealth
 - Level 4.2 Shields
 + Level 6.8 Spellcasting
 - Level 5.0 Conjurations
 * Level 3.8 Charms
 * Level 10.5 Necromancy
 - Level 3.0 Fire Magic


You had 2 spell levels left.
You knew the following spells:

 Your Spells              Type           Power        Failure   Level  Hunger
a - Flame Tongue          Conj/Fire      ####.        2%          1    None
b - Throw Flame           Conj/Fire      ####..       4%          2    None
c - Pain                  Necr           ####         1%          1    None
j - Conjure Flame         Conj/Fire      ####....     9%          3    #......
n - Animate Dead          Necr           N/A          1%          4    ###....
p - Sticky Flame          Conj/Fire      ####....     28%         4    ###....
y - Excruciating Wounds   Chrm/Necr      ####......   21%         5    #####..

Your spell library contained the following spells:

 Spells                   Type           Power        Failure   Level  Hunger
 Corpse Rot               Necr           N/A          1%          2    None
 Sublimation of Blood     Necr           #####.....   1%          2    None
 Vampiric Draining        Necr           #####.....   1%          3    #......
 Dispel Undead            Necr           #####...     5%          5    #####..
 Bolt of Draining         Conj/Necr      #####.....   16%         5    #####..
 Inner Flame              Hex/Fire       ###.....     24%         3    #......
 Death Channel            Necr           #####.....   28%         6    ######.
 Fireball                 Conj/Fire      ####......   61%         5    #####..
 Cause Fear               Hex            #.........   82%         4    ###....
 Silence                  Hex/Air        #.........   99%         5    #####..
 Yara's Violent Unravell  Hex/Tmut       #.........   99%         5    #####..
 Deflect Missiles         Chrm/Air       ##........   100%        6    ######.
 Haunt                    Necr/Summ      ####......   100%        7    #######
 Borgnjor's Revivificati  Necr           #####.....   100%        8    #######
 Death's Door             Chrm/Necr      ####......   100%        8    #######
 Discord                  Hex            #.........   100%        8    #######
 Infestation              Necr           #####.....   100%        8    #######
 Necromutation            Tmut/Necr      ####......   100%        8    #######


Dungeon Overview and Level Annotations

Branches:
Dungeon (9/15)             Temple (0/1) D:5           Sewer (visited)
Ossuary (visited)
   Lair: D:8-11         Orc: D:9-12

Altars:
Ashenzari
Elyvilon
Hepliaklqana
Kikubaaqudgha
Nemelex Xobeh
Trog


Innate Abilities, Weirdness & Mutations

You have razor-sharp toenails.
You are partially covered in rugged brown scales. (AC +1, +3% HP)
When hurt, damage is shared between your health and your magic reserves.
You regenerate magic rapidly.


Message History

You don't have enough magic to cast that spell.
You hit the hornet.
The hornet is almost dead.
You feel sick. The hornet closely misses you. The hornet barely misses you.
Casting: Flame Tongue (safe; 2% risk of failure)
Confirm with . or Enter, or press ? or * to list all spells.
Aiming: Flame Tongue (safe; 2% risk of failure)
Press: ? - help, Shift-Dir - straight line, f/p - hornet
Aim: a hornet (almost dead)
You feel a surge of power!
The flame tongue misses the hornet.
You feel sick. The hornet stings you!
* * * LOW HITPOINT WARNING * * *
You suddenly lose the ability to move!
The hornet stings you.
* * * LOW HITPOINT WARNING * * *
You are lethally poisoned!
You feel as though you will be slow longer.
* * * LOW HITPOINT WARNING * * *
You feel sick. The hornet stings you!
You die...
Kikubaaqudgha rasps: "You have failed me!
Welcome... death!"

#........#
##.......# #.
## ###'#####
#.####### #.#
## #.#
#.......#
##.#.# #.#
#......# #.#.#
#.# #......#
#a#.# #.#
#......####y###
#.#
#.........@#..#
#.#
+......#.....##
#.#
#......#######
#.# #......#
#.# #......#
#.# #......#
#.# ####)####
#.# #....# #.#
#######'####
#.#


You could see a hornet and a worker ant.

Vanquished Creatures
  Pikel (D:9)
  A gargoyle (D:9)
  A troll (D:9)
  Grinder (D:5)
  3 hornets
  A wyvern (D:6)
  A hungry ghost (D:8)
  Menkaure (D:6)
  2 ice beasts (D:6)
  4 slaves
  An orc warrior (D:7)
  6 ogres
  A phantom (D:8)
  2 centaurs
  2 big kobolds
  A gnoll sergeant (D:6)
  7 bullfrogs
  A wyvern zombie (Ossuary)
  2 water moccasin zombies (Ossuary)
  2 scorpions (D:8)
  5 killer bees
  3 howler monkeys
  3 crimson imps
  A bullfrog skeleton (D:7)
  2 centaur zombies (Ossuary)
  5 hounds
  2 jellies
  Crazy Yiuf (D:2)
  2 centaur skeletons
  An orc priest (D:5)
  9 orc wizards
  2 bullfrog zombies
  An iguana (D:5)
  5 worker ants
  2 killer bee zombies
  3 hound zombies (Ossuary)
  12 mummies (Ossuary)
  A worker ant zombie (Ossuary)
  Robin (D:2)
  9 gnolls
  12 adders
  A shadow imp (D:5)
  5 oozes
  3 adder skeletons
  10 worms
  6 dart slugs
  8 leopard geckos
  38 orcs
  15 bats
  8 giant cockroaches
  13 goblins
  9 hobgoblins
  13 jackals
  3 quokkas
  2 ball pythons
  3 frilled lizards
  2 giant cockroach zombies (Ossuary)
  A jackal zombie (Ossuary)
  29 kobolds
  A quokka zombie (Ossuary)
  15 rats
308 creatures vanquished.

Vanquished Creatures (collateral kills)
  2 killer bees (D:7)
  A hound (D:7)
3 creatures vanquished.

Vanquished Creatures (others)
  An orc warrior (D:8)
  A quokka (D:2)
  2 withered plants (Ossuary)
4 creatures vanquished.

Grand Total: 315 creatures vanquished

Notes
Turn   | Place    | Note
-------+----------+-------------------------------------------
     0 | D:1      | FishyPogo the Demonspawn Fire Elementalist began the quest
                  | for the Orb.
     0 | D:1      | Reached XP level 1. HP: 13/13 MP: 3/3
   352 | D:1      | Gained mutation: When hurt, damage is shared between your
                  | health and your magic reserves. [demonic ancestry]
   352 | D:1      | Reached XP level 2. HP: 14/19 MP: 1/5
   369 | D:1      | Learned a level 2 spell: Throw Flame
   773 | D:1      | Gained mutation: You are partially covered in rugged brown
                  | scales. (AC +1, +3% HP) [demonic ancestry]
   773 | D:1      | Reached XP level 3. HP: 17/24 MP: 0/6
   778 | D:1      | Learned a level 3 spell: Conjure Flame
  1330 | D:2      | Gained mutation: You have sharp toenails. [demonic
                  | ancestry]
  1330 | D:2      | Reached XP level 4. HP: 28/31 MP: 0/8
  1393 | D:2      | Reached skill level 1 in Fighting
  1438 | D:2      | Found a white marble altar of Elyvilon.
  1691 | D:2      | Found a runed translucent door.
  1692 | D:2      | Noticed Crazy Yiuf
  1888 | D:2      | Noticed Robin
  1987 | D:2      | Killed Robin
  2160 | D:2      | Killed Crazy Yiuf
  2160 | D:2      | Reached XP level 5. HP: 11/39 MP: 0/9
  2318 | D:3      | Found a faded altar of an unknown god.
  2328 | D:3      | Became a worshipper of Kikubaaqudgha
  2328 | D:3      | Reached * piety under Kikubaaqudgha
  2328 | D:3      | Identified Kikubaaqudgha's Collected Works on Evil Secrets
                  | (Kikubaaqudgha gifted it to you on level 3 of the Dungeon)
  2328 | D:3      | Received a gift from Kikubaaqudgha
  2332 | D:3      | Learned a level 1 spell: Pain
  2516 | D:3      | Found a glowing drain.
  2520 | Sewer    | Entered a sewer
  2641 | Sewer    | Reached ** piety under Kikubaaqudgha
  2902 | Sewer    | Reached skill level 1 in Necromancy
  3131 | D:3      | Noticed a centaur
  3144 | D:3      | Killed a centaur
  3144 | D:3      | Gained mutation: You have razor-sharp toenails. [demonic
                  | ancestry]
  3144 | D:3      | Reached XP level 6. HP: 25/47 MP: 2/11
  3161 | D:3      | Reached skill level 1 in Shields
  3500 | D:3      | Reached *** piety under Kikubaaqudgha
  3500 | D:3      | Identified Kikubaaqudgha's Almanac of Unholy Magic
                  | (Kikubaaqudgha gifted it to you on level 3 of the Dungeon)
  3500 | D:3      | Received a gift from Kikubaaqudgha
  3548 | D:4      | Reached skill level 2 in Necromancy
  3683 | D:4      | Reached XP level 7. HP: 53/53 MP: 6/13
  3733 | D:4      | Reached skill level 3 in Necromancy
  4037 | D:4      | Found a shattered altar of Ashenzari.
  4135 | D:4      | Found a sparkling altar of Nemelex Xobeh.
  4208 | D:5      | Entered Level 5 of the Dungeon
  4475 | D:5      | Noticed a moth of wrath
  4478 | D:5      | Found a bloodstained altar of Trog.
  4488 | D:5      | Learned a level 4 spell: Animate Dead
  4588 | D:5      | Got a warped quarterstaff
  4589 | D:5      | Identified the cursed +1 quarterstaff "Newt's Demise"
                  | {protect, *Drain +Blink rC+ Str+4} (You found it on level 5
                  | of the Dungeon)
  4743 | D:5      | Reached **** piety under Kikubaaqudgha
  4867 | D:5      | Reached skill level 4 in Necromancy
  5080 | D:5      | Reached XP level 8. HP: 55/59 MP: 6/14
  5095 | D:5      | Found a staircase to the Ecumenical Temple.
  5301 | D:5      | Learned a level 4 spell: Sticky Flame
  5401 | D:5      | Noticed Grinder
  5412 | D:5      | Killed Grinder
  5412 | D:5      | Reached skill level 5 in Necromancy
  5759 | D:6      | Reached skill level 6 in Necromancy
  5907 | D:6      | Found a sand-covered staircase.
  5914 | Ossuary  | Entered an ossuary
  6063 | Ossuary  | Reached ***** piety under Kikubaaqudgha
  6254 | Ossuary  | Reached skill level 5 in Spellcasting
  6261 | Ossuary  | Reached skill level 7 in Necromancy
  6261 | Ossuary  | Gained mutation: You regenerate magic rapidly. [demonic
                  | ancestry]
  6261 | Ossuary  | Reached XP level 9. HP: 23/64 MP: 2/16
  6311 | Ossuary  | Reached skill level 5 in Conjurations
  6804 | D:6      | Reached skill level 8 in Necromancy
  6981 | D:6      | Noticed Menkaure
  6987 | D:6      | Killed Menkaure
  7009 | D:6      | Reached skill level 9 in Necromancy
  7351 | D:7      | Learned a level 5 spell: Excruciating Wounds
  7397 | D:7      | Got an ichor-stained hunting sling
  7398 | D:7      | Identified the +1 hunting sling of Impeachment {freeze,
                  | Str+3} (You found it on level 7 of the Dungeon)
  7629 | D:7      | Reached skill level 1 in Charms
  7647 | D:7      | Reached skill level 1 in Armour
  8788 | D:8      | Reached XP level 10. HP: 72/72 MP: 14/19
  9137 | D:8      | Reached skill level 10 in Necromancy
  9249 | D:8      | Found a hazy altar of Hepliaklqana.
  9716 | D:9      | Reached ****** piety under Kikubaaqudgha
  9717 | D:9      | Received a gift from Kikubaaqudgha
  9769 | D:9      | Noticed a gargoyle
  9895 | D:9      | Killed a gargoyle
  9909 | D:9      | Noticed Pikel
 10000 | D:9      | Killed Pikel
 10015 | D:9      | Paralysed by a hornet for 3 turns
 10020 | D:9      | Paralysed by a hornet for 2 turns
 10030 | D:9      | Paralysed by a hornet for 2 turns
 10031 | D:9      | Mangled by a hornet

Levels and vault maps discovered:
D:1:      onia_arrival_pyramid, layout_basic, minmay_pentomino_q2
D:2:      layout_loops_cross, elyvilon_altar_4, uniq_robin,
          uniq_crazy_yiuf_cottage
D:3:      layout_basic, gup_sewer_entry_bowl, chequers_ecumenical_altar_island
D:4:      layout_gridville, lemuel_round_altar, evilmike_ruin_ashenzari,
          first_ration, st_stairs_6, chequers_serial_rivers_micro_b
D:5:      kennysheep_kobold_camp, layout_cave_pools, tgw_trog,
          minmay_temple_entry_wispy, uniq_grinder
D:6:      layout_rooms, chequers_ossuary_entry_cave, uniq_menkaure
D:7:      layout_layer_cave
D:8:      layout_basic, nicolae_overflow_hidden_temple
D:9:      layout_roguey, slow_altar_1, grunt_dithmenos_shadows,
          hangedman_pestilent_swarm, nicolae_ru_path_of_blood, uniq_pikel

Skill      XL: |  1  2  3  4  5  6  7  8  9 10 |
---------------+-------------------------------+-----
Dodging        | 2 |  2.0
Stealth        | 2 3 |  3.0
Fire Magic     | 3 |  3.0
Fighting       | 2 3 4 |  4.2
Conjurations   | 2 3 4 5 |  5.0
Spellcasting   | 3 4 5 6 |  6.8
Necromancy     | 1 2 4 7 9 10 | 10.5
Shields        | 1 3 4 |  4.2
Charms         | 1 3 |  3.8
Armour         | 1 3 |  3.7

Action                   |  1- 3 |  4- 6 |  7- 9 | 10-12 || total
-------------------------+-------+-------+-------+-------++-------
Melee: Unarmed           |    34 |       |       |       ||    34
       Short sword       |    24 |       |       |       ||    24
       Dagger            |     9 |    69 |   171 |    39 ||   288
       Kick              |       |    15 |    40 |       ||    55
       Quarterstaff      |       |       |    41 |       ||    41
Throw: Stone             |     3 |     5 |     9 |       ||    17
 Cast: Flame Tongue      |    36 |    93 |   262 |   128 ||   519
       Throw Flame       |    15 |    28 |    61 |    30 ||   134
       Conjure Flame     |       |     1 |     4 |     3 ||     8
       Pain              |       |     3 |     8 |     1 ||    12
       Animate Dead      |       |       |     2 |       ||     2
       Sticky Flame      |       |       |     3 |     2 ||     5
Invok: Receive Necronomi |       |       |       |     1 ||     1
  Use: Potion            |     2 |     1 |     8 |     2 ||    13
       Scroll            |       |     6 |     3 |       ||     9
 Stab: Sleeping          |     2 |     3 |       |       ||     5
       Invisible         |       |       |     6 |       ||     6
  Eat: Chunk             |     3 |     9 |    13 |     6 ||    31
       Ration            |       |       |     1 |       ||     1
Armor: Robe              |    10 |    38 |    64 |       ||   112
       Skin              |       |       |    33 |       ||    33
       Leather armour    |       |       |    34 |    31 ||    65
Dodge: Dodged            |    42 |    80 |   228 |    70 ||   420
Block: Buckler           |       |       |    58 |    35 ||    93
